Map: Data-C

Players

Cham - Winner!

  • Race: Zerg Zerg
  • Spawn Location: 3:00

PappiJoe

  • Race: Protoss Protoss
  • Spawn Location: 9:00

Event: HomeStory Cup XXII

VOD

Have the link to the VOD?

Description

Time

  • Played on: Dec. 15, 2022, 3:31 p.m.
  • Length: 13:48

All games in this series

Show
View Real Time Build Order
Export as new Build Order

Cham Zerg - Winner!

Build Orders: Pool First, Roach Hydra 

Get SALT Encoding   

  12  0:00  Drone  
  13  0:12  Overlord  
  13  0:16  Drone  
  14  0:30  Drone x2  
  16  0:40  Spawning Pool  
  15  0:44  Drone  
  15  0:48  Drone  
  17  1:10  Hatchery  
  16  1:17  Extractor  
  15  1:18  Drone  
  16  1:27  Zergling x4  
  16  1:30  Queen  
  20  1:33  Zergling x2  
  21  1:48  Overlord  
  21  1:58  Drone  
  22  2:06  Queen  
  25  2:08  Drone  
  25  2:19  Overlord  
  25  2:28  Drone x2  
  27  2:35  Drone  
  27  2:36  Drone  
  29  2:39  Drone x2  
  29  2:40  Drone  
  29  2:43  Drone  
  33  2:48  Drone  
  34  2:53  Drone  
  35  3:03  Lair, Drone  
  36  3:07  Extractor  
  36  3:08  Roach Warren  
  34  3:13  Overlord  
  34  3:14  Drone  
  34  3:18  Drone x3  
  38  3:22  Drone  
  38  3:25  Drone x2  
  42  3:27  Drone  
  42  3:31  Drone x2  
  44  3:36  Overlord  
  44  3:49  Hatchery  
  44  3:54  Drone x2  
  45  3:56  Roach x2  
  45  3:59  Roach  
  45  4:01  Roach  
  53  4:04  Glial Reconstitution  
  53  4:06  Overseer  
  53  4:08  Roach  
  55  4:11  Roach  
  55  4:14  Roach  
  59  4:19  Overlord  
  59  4:20  Overlord  
  59  4:23  Overseer  
  59  4:28  Overlord  
  59  4:37  Overlord  
  59  4:38  Queen  
  61  4:39  Roach x2  
  61  4:42  Roach  
  67  4:46  Roach x2  
  67  4:50  Roach  
  67  4:52  Roach  
  75  4:57  Roach  
  77  5:04  Overlord  
  77  5:06  Roach x3  
  83  5:11  Roach  
  85  5:15  Overlord  
  85  5:17  Overlord  
  85  5:22  Drone x2  
  85  5:24  Drone x4  
  91  5:29  Overseer  
  91  5:32  Drone  
  91  5:34  Drone  
  93  5:37  Overlord  
  93  5:38  Drone x2  
  93  5:40  Evolution Chamber  
  94  5:45  Drone x2  
  94  5:47  Overlord  
  94  5:48  Drone x3  
  97  5:53  Overlord  
  97  5:57  Drone x4  
  97  5:58  Overlord  
  99  6:05  Drone  
  99  6:07  Drone  
  99  6:09  Drone, Zerg Missile Weapons Level 1  
  102  6:12  Extractor  
  102  6:13  Hydralisk Den, Extractor  
  102  6:14  Drone  
  102  6:17  Extractor  
  102  6:18  Drone  
  100  6:19  Extractor  
  100  6:22  Overlord  
  100  6:24  Drone x3  
  102  6:27  Hatchery  
  101  6:36  Drone x7  
  104  6:40  Roach  
  104  6:46  Roach x2  
  104  6:47  Roach x2  
  114  6:50  Grooved Spines  
  114  6:54  Hydralisk x2  
  114  6:56  Overlord  
  114  6:59  Queen, Drone  
  114  7:01  Hydralisk  
  121  7:08  Hydralisk  
  121  7:09  Hydralisk  
  121  7:10  Hydralisk  
  121  7:11  Hydralisk, Overlord  
  117  7:16  Hydralisk  
  117  7:19  Hydralisk  
  117  7:21  Hydralisk  
  121  7:24  Overlord  
  121  7:25  Overlord  
  121  7:28  Drone x2  
  121  7:29  Hydralisk x2  
  129  7:30  Roach  
  129  7:32  Roach  
  129  7:33  Roach  
  129  7:35  Roach  
  129  7:36  Roach  
  137  7:40  Roach x2  
  137  7:41  Roach  
  143  7:47  Roach  
  143  7:49  Roach x2  
  143  7:51  Roach  
  147  7:52  Roach  
  147  7:55  Roach  
  147  7:56  Roach  
  144  8:00  Roach x4  
  144  8:02  Metabolic Boost  
  148  8:08  Roach  
  148  8:09  Roach  
  138  8:12  Hydralisk x2  
  138  8:13  Hydralisk  
  138  8:14  Zergling x2  
  138  8:19  Zergling x2  
  132  8:24  Muscular Augments  
  132  8:25  Hydralisk  
  132  8:26  Zergling x2, Hydralisk  
  137  8:30  Hydralisk  
  139  8:35  Hydralisk x2  
  139  8:36  Zergling x12  
  149  8:41  Overlord  
  149  8:46  Roach  
  149  8:47  Roach  
  149  8:55  Roach x2  
  135  8:59  Hydralisk x3  
  124  9:06  Zerg Missile Weapons Level 2  
  124  9:07  Drone  
  124  9:08  Drone x10  
  124  9:09  Infestation Pit  
  128  9:10  Overlord  
  128  9:11  Extractor x2  
  128  9:12  Hydralisk x2  
  130  9:18  Roach  
  130  9:19  Hydralisk  
  134  9:24  Hydralisk x2  
  134  9:26  Roach x2  
  134  9:27  Roach  
  144  9:33  Roach x4  
  144  9:37  Drone x4  
  156  9:41  Hydralisk x2  
  160  9:50  Roach  
  161  9:53  Roach  
  161  9:56  Roach x4  
  161  9:59  Hive  
  170  10:01  Roach  
  170  10:02  Roach  
  170  10:03  Roach  
  176  10:08  Roach x4  
  176  10:14  Roach x2  
  188  10:15  Roach  
  186  10:23  Hydralisk, Roach x3  
  186  10:27  Hydralisk x2, Roach x2  
  182  10:29  Roach  
  182  10:30  Roach  
  182  10:32  Roach  
  182  10:33  Roach x2  
  176  10:37  Hydralisk, Roach x2  
  176  10:40  Roach x2  
  176  10:48  Zergling x2  
  176  10:49  Zergling x16  
  179  10:55  Hatchery  
  178  11:03  Hydralisk  
  178  11:04  Hydralisk x3  
  176  11:08  Overlord x3  
  184  11:13  Overlord  
  184  11:22  Zerg Ground Armor Level 1  
  184  11:23  Overlord  
  184  11:28  Viper x4  
  196  11:33  Overseer  
  196  11:34  Hydralisk x2  
  196  11:39  Drone, Lurker Den  
  200  11:58  Overseer x2  
  172  12:48  Roach  
  172  12:49  Roach x19  
  194  12:58  Roach x4  
  192  13:02  Hydralisk x9  
  198  13:08  Hydralisk x2  
  200  13:14  Hydralisk  
  197  13:21  Hydralisk  
Show
View Real Time Build Order
Export as new Build Order

PappiJoe Protoss 

Build Orders: 1 Gate Expand 

Get SALT Encoding   

  12  0:00  Probe  
  13  0:12  Probe  
  14  0:19  Pylon  
  14  0:24  Probe  
  15  0:38  Probe (Chrono Boost)  
  15  0:39  Gateway  
  16  0:47  Probe (Chrono Boost), Assimilator  
  17  0:52  Probe  
  18  1:04  Probe  
  19  1:18  Probe  
  19  1:24  Nexus  
  20  1:34  Cybernetics Core  
  20  1:37  Probe  
  21  1:42  Assimilator  
  21  1:48  Zealot  
  23  1:55  Pylon  
  23  2:10  Gateway  
  23  2:13  Probe  
  23  2:14  Warp Gate  
  23  2:15  Adept (Chrono Boost)  
  26  2:25  Probe  
  27  2:37  Twilight Council, Probe  
  27  2:41  Probe  
  29  2:45  Stalker  
  29  2:50  Probe  
  32  2:53  Probe  
  33  3:02  Probe  
  33  3:04  Robotics Facility  
  34  3:09  Probe  
  35  3:14  Probe  
  36  3:22  Probe  
  36  3:23  Gateway  
  36  3:26  Resonating Glaives (Chrono Boost)  
  37  3:28  Probe  
  38  3:34  Probe  
  38  3:40  Probe, Assimilator  
  40  3:42  Pylon  
  40  3:44  Warp Prism  
  41  3:52  Probe x2  
  44  4:03  Adept x2  
  44  4:04  Probe  
  44  4:06  Probe  
  50  4:10  Pylon  
  50  4:16  Probe  
  51  4:18  Probe  
  51  4:20  Pylon  
  52  4:24  Observer (Chrono Boost)  
  52  4:28  Probe  
  52  4:30  Adept x2  
  52  4:31  Adept  
  60  4:33  Probe  
  61  4:40  Probe  
  61  4:43  Pylon  
  62  4:47  Probe  
  64  4:52  Probe  
  64  4:55  Adept x2  
  64  4:56  Adept  
  70  5:01  Probe  
  70  5:04  Probe  
  72  5:09  Assimilator  
  72  5:13  Probe  
  73  5:16  Nexus  
  73  5:19  Immortal (Chrono Boost)  
  73  5:21  Pylon  
  73  5:24  Probe  
  78  5:29  Pylon  
  78  5:38  Shield Battery  
  78  5:43  Pylon  
  78  5:45  Pylon  
  78  5:52  Shield Battery  
  78  5:53  Sentry  
  78  5:55  Pylon  
  78  6:00  Shield Battery  
  78  6:01  Sentry  
  78  6:02  Cybernetics Core  
  76  6:05  Immortal  
  76  6:06  Probe x2  
  82  6:18  Robotics Bay, Probe  
  83  6:20  Forge, Probe  
  83  6:23  Sentry  
  83  6:24  Sentry  
  88  6:28  Stalker  
  88  6:30  Probe  
  88  6:31  Blink (Chrono Boost)  
  91  6:32  Probe  
  90  6:47  Probe x2  
  90  6:52  Immortal  
  95  6:58  Nexus  
  95  6:59  Pylon  
  95  7:00  Stalker x2  
  95  7:01  Stalker  
  101  7:03  Probe  
  100  7:12  Protoss Ground Weapons Level 1 (Chrono Boost)  
  99  7:18  Probe x2  
  101  7:24  Nexus  
  101  7:27  Pylon  
  101  7:28  Stalker x2  
  101  7:29  Stalker  
  107  7:30  Pylon  
  107  7:35  Probe x2  
  109  7:38  Shield Battery  
  109  7:45  Colossus (Chrono Boost)  
  115  7:56  Sentry  
  115  7:57  Sentry x2  
  119  8:01  Probe  
  118  8:11  Nexus  
  97  8:22  Extended Thermal Lance  
  93  8:31  Assimilator  
  93  8:32  Colossus (Chrono Boost)  
  97  8:36  Gateway  
  97  8:38  Gateway  
  97  8:39  Gateway  
  94  8:41  Gateway  
  94  8:43  Gateway  
  94  8:45  Gateway  
  94  8:46  Stalker x3  
  100  9:00  Probe x2  
  98  9:05  Shield Battery  
  98  9:10  Colossus (Chrono Boost), Probe  
  98  9:11  Templar Archives  
  98  9:15  Assimilator  
  99  9:17  Protoss Ground Weapons Level 2 (Chrono Boost)  
  99  9:21  Probe  
  99  9:22  Nexus, Probe  
  99  9:24  Pylon  
  107  9:27  Probe  
  107  9:28  Charge, Pylon  
  108  9:33  Probe  
  110  9:38  Probe  
  110  9:39  Probe  
  110  9:44  Pylon  
  110  9:45  Photon Cannon  
  111  9:49  Pylon  
  111  9:52  Shield Battery, Photon Cannon  
  111  9:53  High Templar  
  111  9:54  High Templar  
  115  10:01  Archon  
  115  10:05  Observer  
  115  10:07  Gateway  
  116  10:08  Gateway  
  116  10:11  Gateway  
  116  10:12  Gateway  
  115  10:14  High Templar x2  
  115  10:20  Archon  
  119  10:23  Zealot x2  
  119  10:24  Zealot  
  123  10:28  Immortal (Chrono Boost)  
  123  10:32  Stalker  
  123  10:33  Stalker  
  125  10:36  Probe  
  116  10:44  Stalker x3  
  116  10:49  Probe x2  
  122  10:57  Pylon  
  122  11:01  Nexus  
  122  11:04  High Templar x2  
  122  11:08  Archon  
  126  11:12  Immortal (Chrono Boost)  
  126  11:14  Pylon  
  130  11:20  Assimilator  
  130  11:22  Shield Battery  
  130  11:24  Photon Cannon, Assimilator  
  130  11:35  High Templar x2  
  130  11:38  Gateway  
  130  11:39  Archon, Gateway  
  134  11:44  High Templar x2  
  138  11:47  Stalker  
  138  11:48  Archon, Observer (Chrono Boost)  
  138  11:50  Zealot  
  143  12:01  Zealot x3  
  147  12:04  Pylon  
  147  12:08  Pylon  
  147  12:11  Pylon  
  147  12:18  Zealot x5  
  155  12:23  Stalker  
  155  12:24  Sentry x2  
  161  12:37  Zealot x3  
  126  12:49  Zealot x8  
  110  13:01  Immortal (Chrono Boost), High Templar x3  
  120  13:10  Archon  
  120  13:11  High Templar  
  118  13:14  Stalker  
  118  13:15  Stalker x4  
  118  13:16  Archon  
  113  13:24  Stalker  
  113  13:25  Stalker  
  103  13:40  Zealot  
  103  13:41  Zealot x5  
Tags
 
Add a new tag
Caveats
  • Supply blocks, unpowered buildings, or Contaminate may cause inaccurate times.
  • Supply counts are checked every 10 seconds.